Arrhythmia, chaotic female vampiric Convict -------------- --............- ---- --|.@.|..-- - - ------- |..-- --.|f----............- |..--.---- |...| ..... |.-- .....--- --........| --.-| #.-..-- |.| -- |.........| --..| ---- |...-- |.| --|.........---- |...-- ----|..--- |..%%| |.| --.|%.........|.| |-...---..--....|--...-. |.| |...............| |...............|...--- # |.| |...............| --^.........)..)..--- % |.--- ---.............| --- --................| #|...| --.......>.....---.---.............-.--- ##....---- |...................|................| 0 # |....-- |-..........)..)..................---- # # ---...| --..................---..--------...| #0## #%|...-- |.................--- ---- |...| # .-...-- |................-- |...| ## ---%.| --.....|.......--- --.-- # |<.| ---..---.|.|.-- --- ---- ---- ------- Arrhythmia the Jail-bird Experience level: 8 Strength: 16 Dexterity: 13 Constitution: 16 Intelligence: 14 Wisdom: 9 Charisma: 7 Health: 0(61) Energy: 42(42) AC: 6 Gold: 107 Moves: 3686 Your Inventory: Coins $ - 107 gold pieces Weapons k - an [uncursed] +0 runed dagger [elven] (alternate weapon; not wielded) Armor A - an [uncursed] +1 apron [alchemy smock] (being worn) B - an [uncursed] +0 pair of hard shoes [iron] (being worn) Tools f - an [uncursed] bag called Portal to the elemental plane fo TEETH [of holding] Contents of the bag of holding: 850 gold pieces an [uncursed +0] hooded cloak [dwarvish] an [uncursed] +0 iron skull cap [orcish helm] an [uncursed] +0 pair of hard shoes [iron] a [cursed -1] pair of hard shoes [iron] an [uncursed +0] pair of hard shoes [iron] a [cursed +0] pair of hard shoes [iron] an [uncursed] Hot Futa Mare Dick 2 [uncursed] scrolls labeled ACHAT SHTAYIM SHALOSH [of remove curse] 3 [uncursed] scrolls labeled EIRIS SAZUN IDISI [of teleportation] an [uncursed] scroll labeled FOOBIE BLETCH [of stinking cloud] an [uncursed] scroll labeled NR 9 [of enchant weapon] an [uncursed] scroll labeled SODALG [of create monster] an [uncursed] scroll labeled VAS CORP BET MANI [of light] an [uncursed] scroll labeled ZELGO MER [of magic mapping] an [uncursed] spellbook of healing an [uncursed] spellbook of magic missile an [uncursed] spellbook of protection an [uncursed] wand of magic missile [0:0] an [uncursed] brass lantern 5 [uncursed tallow] candles an [uncursed] partly used [tallow] candle 14 [uncursed] partly used [wax] candles an [uncursed] magic marker [0:35] an [uncursed +0] pick-axe an [uncursed] rock Spells known in the end: Name Level Category Fail Memory a - magic missile 2 attack 87% [|||||||.] b - protection 1 clerical 23% [||||||||] c - healing 1 healing 23% [||||||||] Your skills at the end: Fighting Skills Weapon Skills sling [Basic / Skilled] Spellcasting Skills Final Attributes: You were piously aligned. Hunger level was 476. Your alignment was 28 / 28. Monster difficulty range was 1 - 7. Level difficulty was 7. You were immune to poison. You were immune to level-drain. You were immune to sickness. You were immune to acid. You could fly. You could survive without air. You regenerated. Your luck was zero. You are dead. Vanquished creatures: a giant beetle a horse a brown pudding a snake a fog cloud a yellow light 6 gnome lords a straw golem a wax golem a baby crocodile a giant ant a little dog a floating eye a kitten 7 dwarves a homunculus a kobold lord 4 hill orcs 2 iguanas 8 killer bees 2 hobbits 5 giant rats 3 cave spiders 34 gnomes 2 garter snakes a gnome zombie 4 geckos 4 jackals 2 foxes 2 kobolds a goblin 2 sewer rats 3 grid bugs 4 lichens 2 kobold zombies a newt 114 creatures vanquished. Voluntary challenges: You went without food. You used a wielded weapon 22 times. You read items or engraved 10 times. You put on armor 6 times. You never genocided any monsters. You never polymorphed an object. You never changed form. You used no wishes. You abstained from Elbereth's help. You never encountered a bones level. You never used any Sokoban shortcuts. Dungeon overview: The Dungeons of Doom: levels 1 to 4 Level 1 a long staircase Level 2 some fountains Level 3 a general store Level 4 stairs to The Gnomish Mines The Gnomish Mines: levels 5 to 7 Level 5 stairs to The Dungeons of Doom Level 7 <- You were here History has recorded: On T:1 you entered the Dungeons of Doom to retrieve the Amulet of Yendor! On T:282 you advanced to experience level 2. On T:621 you reached level 2 of The Dungeons of Doom. On T:793 you advanced to experience level 3. On T:951 you reached level 3 of The Dungeons of Doom. On T:1084 you advanced to experience level 4. On T:1345 you reached level 4 of The Dungeons of Doom. On T:1442 you advanced to experience level 5. On T:1582 you reached level 1 of The Gnomish Mines. On T:1690 you advanced to experience level 6. On T:2078 you advanced to experience level 7. On T:2614 you reached level 2 of The Gnomish Mines. On T:3325 you reached level 3 of The Gnomish Mines. On T:3458 you advanced to experience level 8. Latest messages: You put a pair of hard shoes into the bag called Portal to the elemental plane fo TEETH. You hear a crunching sound. The panther hits! (2x) The panther bites! [HP-16=45] The panther blocks your way. (2x) You hit the panther. You bite the panther. You hear crashing rock. The panther hits! (2x) The panther bites! The panther hits! (2x) The panther bites! [HP-31=14] You miss the panther. (2x) The panther hits! (2x) The panther bites! You die... Final status: Goodbye Arrhythmia the Convict... You died in The Gnomish Mines on dungeon level 7 with 4176 points, and 957 pieces of gold, after 3686 moves. You were level 8 with a maximum of 61 hit points when you died.